AoeStats
← Zumoshi

Arabia

507671982Analyzed
1v1 RM · 14d ago on Sep 19, 2026· 49m 11s· 2 players
Game mode
Random Map
Map size
Tiny (2 player)
Population
200
Speed
Normal
Resources
Standard
Victory
Conquest
Starting age
Dark Age
Ending age
Imperial Age
RankedLock teamsTeams togetherTeam positionsShared explorationLock speedFull tech treeHidden civsTurbo modeCheats
Victory
Defeat
🇺🇸 Wei · United States
1147
+17
🇮🇱 Wu · Israel
1165
-17
PeckingDuckPush
5:55 Loom
9:09 Feudal Age
9:42 Double-Bit Axe
13:37 Scale Barding Armor
14:45 Horse Collar
20:05 Castle Age
19:05 Forging
19:56 Bloodlines
19:52 Gold Mining
21:49 Chain Barding Armor
23:21 Iron Casting
24:23 Husbandry
24:41 Bow Saw
25:27 Fletching
26:52 Bodkin Arrow
27:18 Padded Archer Armor
28:48 Ballistics
31:59 Gold Shaft Mining
35:42 Leather Archer Armor
35:35 Stone Mining
35:50 Heavy Plow
36:36 Wheelbarrow
35:48 Town Watch
39:03 Imperial Age
38:51 Stone Shaft Mining
39:32 Tuntian
41:04 Chemistry
41:53 Heavy Hei Guang Cavalry
43:30 Ming Guang Armor
44:17 Blast Furnace
44:33 Bracer
46:33 Parthian Tactics
47:18 Ring Archer Armor
49:49 Thumb Ring
Zumoshi
7:56 Loom
10:03 Feudal Age
11:13 Double-Bit Axe
17:36 Man-at-Arms
21:54 Castle Age
20:17 Scale Barding Armor
20:12 Arson
21:40 Gold Mining
22:20 Forging
22:06 Pikeman
22:48 Squires
24:07 Iron Casting
24:16 Bow Saw
23:44 Long Swordsman
29:01 Scale Mail Armor
31:43 Chain Mail Armor
35:33 Horse Collar
38:23 Wheelbarrow
40:39 Iron Casting
44:51 Imperial Age
45:07 Hand Cart
45:04 Halberdier
46:30 Plate Mail Armor
Connection lost

Rejoining the realm…

Still unreachable

The connection could not be restored.

Session expired

The server has moved on; the page needs a fresh start.